AoeStats
← ckick123

MegaRandom

510833459Analyzed
2v2 RM · 12h ago on Oct 2, 2026· 34m 33s· 4 players
Game mode
Random Map
Map size
Medium (4 player)
Population
200
Speed
Normal
Resources
Standard
Victory
Conquest
Starting age
Dark Age
Ending age
Imperial Age
RankedLock teamsTeams togetherTeam positionsShared explorationLock speedFull tech treeHidden civsTurbo modeCheats
Victory
Defeat
🇪🇸 Persians · Spain
1025
+15
🇪🇸 Varangians · Spain
1025
+15
🇹🇷 Slavs · Türkiye
1035
-15
🇹🇷 Aztecs · Türkiye
993
-15
ckick123
5:26 Loom
13:34 Feudal Age
14:20 Double-Bit Axe
14:18 Horse Collar
25:47 Castle Age
25:51 Pikeman
26:32 Squires
27:28 Forging
30:20 Scale Mail Armor
NELMAN
2:20 Loom
11:15 Feudal Age
13:06 Forging
13:02 Scale Barding Armor
15:49 Bloodlines
17:08 Horse Collar
22:25 Castle Age
28:28 Chain Barding Armor
28:44 Iron Casting
30:01 Husbandry
29:56 Stone Mining
33:50 Iron Casting
andres_88
2:40 Loom
11:25 Feudal Age
12:03 Double-Bit Axe
12:02 Horse Collar
18:03 Castle Age
16:53 Wheelbarrow
17:46 Forging
17:49 Bloodlines
18:04 Gold Mining
19:52 Iron Casting
19:20 Husbandry
21:57 Town Watch
25:46 Scale Barding Armor
31:16 Hand Cart
necho26
1:54 Loom
11:14 Feudal Age
11:56 Town Watch
12:47 Wheelbarrow
12:26 Double-Bit Axe
14:06 Bloodlines
15:23 Forging
20:09 Castle Age
18:33 Horse Collar
18:48 Gold Mining
18:53 Stone Mining
21:39 Scale Barding Armor
25:25 Hand Cart
28:41 Murder Holes
29:41 Ballistics
33:26 Imperial Age
33:14 Chain Barding Armor
33:32 Fletching
34:18 Iron Casting
33:48 Husbandry
Connection lost

Rejoining the realm…

Still unreachable

The connection could not be restored.

Session expired

The server has moved on; the page needs a fresh start.